12 | 0:00 | SCV | |
13 | 0:12 | SCV | |
14 | 0:19 | Supply Depot | |
14 | 0:24 | SCV | |
15 | 0:39 | Refinery | |
15 | 0:40 | SCV | |
16 | 0:43 | Barracks | |
16 | 0:52 | SCV | |
17 | 0:57 | Supply Depot | |
17 | 1:04 | SCV | |
18 | 1:17 | SCV | |
18 | 1:18 | Refinery | |
19 | 1:29 | SCV | |
20 | 1:40 | Factory | |
20 | 1:41 | Orbital Command | |
20 | 1:53 | Reaper | |
21 | 2:09 | SCV | |
22 | 2:18 | Factory | |
22 | 2:25 | Factory Tech Lab | |
22 | 2:27 | Barracks Reactor | |
22 | 2:38 | SCV, Command Center | |
22 | 2:43 | Hellion | |
25 | 2:49 | Infernal Pre-Igniter | |
25 | 2:55 | SCV | |
26 | 3:12 | Hellion x2 | |
30 | 3:18 | Supply Depot | |
30 | 3:23 | Supply Depot | |
30 | 3:25 | SCV | |
31 | 3:28 | Barracks Tech Lab | |
31 | 3:39 | SCV, Hellion | |
31 | 3:40 | Hellion | |
36 | 3:41 | Hellion | |
38 | 3:54 | Orbital Command | |
38 | 4:01 | Hellion | |
40 | 4:08 | Hellion x2 | |
44 | 4:10 | SCV | |
45 | 4:22 | Hellion | |
45 | 4:23 | SCV | |
48 | 4:29 | Hellion x2 | |
47 | 4:44 | Hellion | |
41 | 4:50 | Hellion | |
41 | 4:51 | Hellion | |
39 | 5:05 | Hellion | |
39 | 5:12 | Hellion x2 | |
39 | 5:26 | Hellion | |
41 | 5:33 | Hellion x2 | |
45 | 5:48 | Hellion | |
47 | 5:55 | Hellion x2 | |
47 | 6:02 | SCV x2 | |
41 | 6:09 | Hellion | |
43 | 6:14 | SCV x2 | |
43 | 6:16 | Hellion x2 | |
43 | 6:25 | Starport | |
43 | 6:26 | SCV | |
43 | 6:27 | SCV | |
43 | 6:31 | Hellion | |
47 | 6:37 | Hellion | |
47 | 6:38 | SCV, Hellion | |
47 | 6:39 | SCV | |
47 | 6:50 | SCV | |
47 | 6:51 | SCV | |
47 | 6:52 | Hellion | |
49 | 6:59 | Hellion x2 | |
49 | 7:02 | SCV | |
49 | 7:03 | SCV | |
47 | 7:13 | Hellion, Marauder, Stimpack | |
47 | 7:14 | SCV | |
47 | 7:15 | SCV | |
53 | 7:17 | Starport Tech Lab | |
53 | 7:20 | Hellion x2 | |
53 | 7:22 | Supply Depot x2 | |
57 | 7:24 | Refinery | |
57 | 7:27 | SCV x2 | |
59 | 7:34 | Marauder | |
61 | 7:44 | Hellion x3 | |
67 | 7:45 | Supply Depot | |
67 | 7:47 | Armory, Engineering Bay | |
67 | 7:49 | Raven | |
69 | 7:56 | Marauder | |
71 | 8:08 | Supply Depot | |
71 | 8:25 | Command Center | |
71 | 8:30 | Command Center | |
53 | 9:04 | Widow Mine x2 | |
57 | 9:10 | Siege Tank | |
57 | 9:15 | Medivac | |
60 | 9:20 | Barracks | |
60 | 9:25 | Widow Mine, Barracks | |
60 | 9:26 | Widow Mine | |
64 | 9:36 | Refinery | |
64 | 9:45 | Viking | |
66 | 9:46 | SCV | |
66 | 9:47 | SCV x2 | |
69 | 9:54 | Marauder | |
69 | 9:55 | Combat Shield | |
69 | 9:58 | SCV | |
69 | 9:59 | SCV x2 | |
74 | 10:13 | Orbital Command | |
74 | 10:14 | Barracks | |
74 | 10:15 | SCV x3, Marauder | |
74 | 10:16 | Barracks | |
74 | 10:17 | Barracks | |
74 | 10:19 | Barracks | |
79 | 10:26 | Barracks Reactor | |
79 | 10:27 | SCV x2, Barracks Tech Lab | |
81 | 10:29 | Terran Infantry Weapons Level 1, Terran Vehicle Weapons Level 1 | |
81 | 10:33 | Engineering Bay | |
81 | 10:36 | Marine, Siege Tank | |
81 | 10:37 | Armory | |
81 | 10:40 | SCV x3 | |
81 | 10:41 | SCV | |
89 | 10:45 | Refinery | |
89 | 10:47 | Refinery | |
91 | 10:50 | Marauder | |
91 | 10:53 | SCV x4 | |
91 | 10:54 | Marauder | |
97 | 10:58 | Corvid Reactor | |
97 | 11:01 | Drilling Claws | |
97 | 11:05 | SCV x3, Terran Infantry Armor Level 1 | |
97 | 11:08 | Siege Tank | |
97 | 11:10 | Marine | |
105 | 11:16 | Marauder | |
105 | 11:17 | SCV | |
107 | 11:23 | Barracks Reactor x2, Barracks Tech Lab x2 | |
107 | 11:25 | Marine x2 | |
109 | 11:28 | Marine | |
110 | 11:34 | Missile Turret | |
110 | 11:35 | Sensor Tower, Missile Turret | |
110 | 11:37 | Marauder, Missile Turret x2 | |
112 | 11:42 | Marine | |
112 | 11:43 | Marine | |
112 | 11:46 | Missile Turret | |
112 | 11:47 | Marauder | |
116 | 11:52 | Supply Depot x3 | |
116 | 11:55 | Terran Vehicle And Ship Armor Level 1, Supply Depot | |
116 | 11:57 | Marauder x2 | |
116 | 11:58 | Marine x2 | |
116 | 12:00 | Marine x2, Concussive Shells | |
124 | 12:04 | Missile Turret | |
124 | 12:08 | Starport, Missile Turret x2 | |
124 | 12:09 | Missile Turret | |
124 | 12:10 | Missile Turret | |
124 | 12:13 | Marauder, Medivac | |
128 | 12:15 | Supply Depot | |
128 | 12:16 | Marauder, Supply Depot | |
128 | 12:18 | Marauder, Marine, Supply Depot | |
128 | 12:19 | Smart Servos, Marauder, Supply Depot | |
135 | 12:29 | Missile Turret | |
130 | 12:35 | Marauder | |
123 | 12:38 | Marauder | |
123 | 12:40 | Marauder x2 | |
123 | 12:41 | Supply Depot | |
123 | 12:43 | Medivac, Supply Depot | |
112 | 12:44 | Marine | |
112 | 12:45 | Marine x2 | |
112 | 12:50 | Siege Tank | |
112 | 12:51 | Widow Mine x2 | |
112 | 12:56 | Marauder | |
105 | 12:59 | Marauder | |
105 | 13:01 | Marauder x2 | |
105 | 13:12 | Widow Mine x2 | |
102 | 13:13 | Medivac | |
102 | 13:18 | Marauder, Marine x6 | |
108 | 13:20 | SCV | |
108 | 13:21 | Marauder | |
108 | 13:22 | Siege Tank | |
108 | 13:23 | Marauder x2 | |
108 | 13:24 | Planetary Fortress | |
108 | 13:26 | SCV x2 | |
120 | 13:32 | SCV | |
121 | 13:35 | Marine | |
121 | 13:36 | Marine x5 | |
121 | 13:38 | SCV, Marine | |
129 | 13:41 | Marine | |
129 | 13:43 | Raven, Marine | |
129 | 13:44 | Marine | |
134 | 13:51 | Starport Reactor | |
134 | 13:56 | Terran Infantry Armor Level 2, Terran Infantry Weapons Level 2 | |
134 | 13:59 | Refinery | |
134 | 14:02 | SCV x2 | |
136 | 14:03 | SCV x2 | |
136 | 14:04 | Refinery | |
138 | 14:10 | Thor | |
138 | 14:12 | Widow Mine x2, Command Center | |
138 | 14:14 | SCV | |
138 | 14:15 | SCV x3, Marauder x2 | |
138 | 14:16 | Marauder x2, Marine x3 | |
163 | 14:26 | SCV | |
163 | 14:27 | SCV x3 | |
167 | 14:37 | Marauder x2 | |
171 | 14:53 | Thor | |
173 | 15:34 | Marauder x4, Marine x2 | |
173 | 15:35 | Marine x4 | |
168 | 15:40 | Siege Tank | |
168 | 15:46 | Missile Turret | |
168 | 15:47 | Missile Turret | |
166 | 15:50 | Missile Turret | |
166 | 15:52 | Marine | |
166 | 15:56 | Marauder | |
166 | 16:09 | Marauder x2, Marine | |
166 | 16:10 | Marauder | |
165 | 16:13 | Siege Tank | |
165 | 16:17 | Raven, Marauder | |
165 | 16:18 | Medivac x2 | |
142 | 16:30 | Marauder | |
142 | 16:31 | Marauder x2 | |
142 | 16:33 | Planetary Fortress | |
142 | 16:37 | Marine | |
142 | 16:38 | Marauder, Marine x5 | |
150 | 16:45 | Cloaking Field, Siege Tank | |
153 | 16:48 | Medivac x2 | |
153 | 16:51 | Terran Infantry Weapons Level 3, Terran Infantry Armor Level 3 | |
153 | 16:52 | Terran Vehicle And Ship Armor Level 2, Marauder x3 | |
163 | 16:55 | Marine x2 | |
163 | 16:56 | Marine x4 | |
163 | 17:00 | Raven, Marauder | |
173 | 17:10 | Sensor Tower | |
173 | 17:11 | Command Center | |
173 | 17:13 | Refinery, Marauder, Marine x2 | |
173 | 17:14 | Refinery, Marauder x2, Marine x4 | |
185 | 17:18 | Medivac | |
185 | 17:20 | Marine | |
188 | 17:31 | Marine x2 | |
188 | 17:32 | Marine x3 | |
188 | 17:33 | Marine | |
188 | 17:35 | Marauder x3 | |
200 | 17:39 | Terran Vehicle Weapons Level 2 | |
200 | 17:53 | Missile Turret | |
200 | 17:56 | Missile Turret x2 | |
200 | 18:04 | Hyperflight Rotors | |
193 | 18:36 | Thor, Hellbat | |
193 | 18:37 | Widow Mine | |
174 | 18:55 | Marauder x3 | |
182 | 18:56 | Marauder, Marine x6 | |
182 | 18:57 | Widow Mine | |
190 | 19:08 | Raven, Viking x2 | |
192 | 19:13 | Marine | |
192 | 19:14 | Marine x5 | |
192 | 19:17 | Marauder | |
164 | 19:35 | Marauder x3, Marine | |
164 | 19:36 | Marine x2 | |
164 | 19:37 | Thor | |
164 | 19:38 | Widow Mine x2, Marauder | |
151 | 19:42 | Viking x2 | |
153 | 19:51 | Raven | |
145 | 19:56 | Marauder x3 | |
145 | 19:59 | Marauder | |
142 | 20:04 | Widow Mine x2 | |
142 | 20:06 | Marine x5 | |
138 | 20:12 | Viking x2 | |
138 | 20:17 | Marauder | |
138 | 20:18 | Marauder x2 | |
138 | 20:20 | Thor | |
138 | 20:21 | Marauder | |
147 | 20:26 | Widow Mine x2, Marine | |
147 | 20:27 | Marine x5 | |
136 | 20:39 | Marauder x3 | |
136 | 20:42 | Marauder | |
142 | 20:44 | Marine | |
142 | 20:45 | Marine x5 | |
148 | 21:00 | Marauder x2, Marine | |
148 | 21:02 | Marine x5, Thor | |
148 | 21:03 | Marine | |
165 | 21:18 | Marauder x2 | |
169 | 21:20 | Marine | |
169 | 21:22 | Marauder x2 | |
174 | 21:39 | Marauder | |
175 | 21:40 | Marauder | |
175 | 21:43 | Marauder x2 | |
175 | 21:45 | Thor | |
167 | 21:55 | Marine | |
167 | 22:01 | Marauder x2 | |
146 | 22:04 | Marauder x2 | |
142 | 22:14 | Marine | |
142 | 22:15 | Marine x5 | |
142 | 22:18 | Widow Mine | |
142 | 22:19 | Widow Mine | |
142 | 22:22 | Marauder x2 | |
150 | 22:26 | Marauder x2 | |
150 | 22:28 | Siege Tank | |
150 | 22:32 | Marine | |
150 | 22:33 | Raven, Marine x5 | |
150 | 22:34 | Viking x2 | |
158 | 22:39 | Widow Mine | |
158 | 22:41 | Widow Mine | |
158 | 22:43 | Marauder | |
166 | 22:44 | Marauder | |
166 | 22:47 | Marauder x2 | |
166 | 22:50 | Marine x3 | |
166 | 22:51 | Marine x2 | |
175 | 23:00 | Siege Tank | |
175 | 23:03 | Command Center, Viking | |
175 | 23:04 | Viking | |
175 | 23:05 | Marauder x2 | |
186 | 23:09 | Marauder x2 | |
188 | 23:16 | Raven | |
181 | 23:26 | Marauder | |
181 | 23:27 | Marauder | |
185 | 23:32 | Missile Turret | |
185 | 23:33 | Siege Tank | |
160 | 24:23 | Medivac x3 | |